 Dungeon Crawl Stone Soup version 0.29-a0-380-gf50f0a9fbc (webtiles) character file.

Game seed: 12385976991814231114

85 Antichthon the Skirmisher (level 4, -2/37 HPs)
             Began as a Formicid Abyssal Knight on May 5, 2022.
             Was a Believer of Lugonu.
             Killed by nerve-wracking pain
             ... invoked by a shadow imp
             ... summoned by Natasha
              (4 damage)
             ... on level 2 of the Dungeon.
             The game lasted 00:02:34 (1913 turns).

Antichthon the Skirmisher (Formicid Abyssal Knight) Turns: 1913, Time: 00:02:34

Health: -2/37      AC:  6    Str: 17    XL:     4   Next: 75%
Magic:  6/6        EV:  9    Int: 10    God:    Lugonu [**....]
Gold:   125        SH:  0    Dex: 13    Spells: 3/3 levels left

rFire   . . .      SeeInvis +   a - +1 falchion
rCold   . . .      Faith    .   (no shield)
rNeg    . . .      Spirit   .   f - +0 scale mail
rPois   .          Reflect  .   (helmet unavailable)
rElec   .          Harm     .   (no cloak)
rCorr   .          Rampage  .   (no gloves)
Will    .....                   (no boots)
Stlth   ..........              (no amulet)
HPRegen 0.12/turn               (no ring)
MPRegen 0.10/turn               (no ring)

@: invisible
A: permanent stasis, dig shafts and tunnels, antennae 3, four strong arms
a: Dig, Shaft Self, Renounce Religion, Depart the Abyss, Bend Space


You were on level 2 of the Dungeon.
You worshipped Lugonu.
Lugonu was pleased with you.
You visited 1 branch of the dungeon, and saw 2 of its levels.
You visited the Abyss 1 time.

You collected 125 gold pieces.

Inventory:

Hand Weapons
 a - a +1 falchion (weapon)
Armour
 f - a +0 scale mail (worn)
Scrolls
 i - a scroll of torment {unknown}
 l - a scroll of teleportation {unknown}
Potions
 b - a potion of heal wounds {unknown}
 c - a potion of curing
 d - a potion of might {unknown}
 e - a potion of invisibility
 g - a potion of brilliance {unknown}
 h - a potion of lignification {unknown}
 j - a potion of attraction {unknown}
 k - a potion of flight {unknown}


   Skills:
 * Level 3.7 Fighting
 * Level 2.7 Long Blades
 * Level 0.8 Crossbows
 * Level 2.7 Armour
 * Level 1.2 Dodging
 * Level 1.0 Stealth
 * Level 1.0 Shields
 * Level 2.7 Invocations
 * Level 1.0 Evocations


You had 3 spell levels left.
You didn't know any spells.
Your spell library contained the following spells:

 Spells                   Type           Power      Damage    Failure   Level
 Slow                     Hex            0%         N/A       77%         1
 Confusing Touch          Hex            0%         N/A       98%         3
 Vampiric Draining        Necr           0%         2d6       98%         3


Dungeon Overview and Level Annotations

Branches:
Dungeon (2/15)

Altars:

Annotations:
D:2 Natasha


Innate Abilities, Weirdness & Mutations

You cannot be hasted, slowed, berserked, paralysed or teleported.
You can dig through walls and to a lower floor.
You have a pair of large antennae on your head. (SInv)
Your four strong arms can wield two-handed weapons with a shield.


Message History

Natasha casts a spell.
You hit Natasha.
Natasha is lightly wounded.
Natasha claws you but does no damage. The shadow imp gestures at you.
You barely resist. You hit Natasha but do no damage.
Natasha is lightly wounded.
Natasha stares at you and mumbles some strange words.
You resist with some effort. The shadow imp gestures at you.
Pain shoots through your body! Natasha claws you but does no damage.
You barely miss Natasha.
Natasha is lightly wounded.
The shadow imp barely misses you. Natasha barely misses you.
You barely miss Natasha.
Natasha is lightly wounded.
The shadow imp hits you but does no damage.
Natasha claws you.
You hit Natasha.
Natasha is moderately wounded.
The shadow imp hits you. Natasha claws you.
You hit Natasha but do no damage.
Natasha is moderately wounded.
The shadow imp hits you.
* * * LOW HITPOINT WARNING * * *
Natasha closely misses you. The shadow imp gestures at you.
Pain shoots through your body!
* * * LOW HITPOINT WARNING * * *
It was a potion of curing.
You feel better. Natasha claws you.
* * * LOW HITPOINT WARNING * * *
The shadow imp barely misses you.
Unknown command.
Okay, then.
It was a potion of invisibility.
You fade into invisibility!
Natasha casts a spell.
The shadow imp gestures at you. Pain shoots through your body!
You die...

*,,,,,**,***,,**,* *,,*****,,,,,,
**,,,***,* *,,*#.# *,,* *,,,,,,
***,** *,***,,*#.#**,,* ****,,,,.
* *,* *,,,,,,,...,,,,* *..,,,,,.
*,* ********#.#***,* #.#*,,...
**+** #5# *,* #.#**..., **,,,**
#5# *,**#.###..., *,,,,,** ##*#h#
*,,,......*** ,,,,,,,** ##.##@##
****#.#.##* #
,,,,,,,,*###...#.5#######....####
,,,,,,,,+.......................+
,,,,,,,,*###<..#.....####....####
,,,,,,,** ##.##..##.###....## #
*,,,,,** ##*#..##.##.....#
**,,,** ##..##.##....[# **+**
#...##.##.....# *,*
#..###.###...##


You could see Natasha, 2 white imps and a shadow imp (summoned, can't see you).

Vanquished Creatures
  Natasha (D:2)
  An adder (D:2)
  2 dart slugs (D:2)
  An endoplasm (D:1)
  2 giant cockroaches (D:2)
  4 goblins
  3 hobgoblins
  4 jackals (D:2)
  4 kobolds
  2 quokkas
  4 ball pythons
  5 bats
  5 frilled lizards
  8 rats
46 creatures vanquished.

Notes
Turn   | Place    | Note
-------+----------+-------------------------------------------
     0 | Abyss:1  | Antichthon the Formicid Abyssal Knight began the quest for
                  | the Orb.
     0 | Abyss:1  | Reached XP level 1. HP: 18/18 MP: 2/2
     0 | D:1      | Escaped the Abyss
   165 | D:1      | Reached ** piety under Lugonu
   167 | D:1      | Reached XP level 2. HP: 10/24 MP: 3/3
   482 | D:1      | Found a faded altar of an unknown god.
   647 | D:1      | Reached skill level 1 in Dodging
   717 | D:1      | Reached XP level 3. HP: 29/29 MP: 4/4
  1508 | D:2      | Noticed Natasha
  1529 | D:2      | Killed Natasha
  1530 | D:2      | Reached skill level 1 in Stealth
  1530 | D:2      | Reached skill level 1 in Shields
  1530 | D:2      | Reached skill level 1 in Evocations
  1530 | D:2      | Reached XP level 4. HP: 18/37 MP: 4/6
  1901 | D:2      | Noticed Natasha
  1913 | D:2      | Killed from afar by a shadow imp

Illustrated notes

Levels and vault maps discovered:
D:1:      lemuel_arrival_broad_hall, layout_rooms,
          ebering_ecumenical_altar_mist, minmay_split_cup_small
D:2:      layout_loops_corners, grunt_ministairs_11, minmay_circle_x,
          uniq_natasha

Skill      XL: |  1  2  3 |
---------------+----------+-----
Dodging        | 1 |  1.2
Stealth        | 1 |  1.0
Shields        | 1 |  1.0
Evocations     | 1 |  1.0
Fighting       | |  3.7
Long Blades    | |  2.7
Crossbows      | |  0.8
Armour         | |  2.7
Invocations    | |  2.7

Action                   |  1- 3 |  4- 6 || total
-------------------------+-------+-------++-------
Melee: Falchion          |   114 |    24 ||   138
       Punch             |     1 |       ||     1
Invok: Depart the Abyss  |     1 |       ||     1
  Use: Scroll            |     2 |       ||     2
       Potion            |       |     2 ||     2
Armor: Leather armour    |    29 |       ||    29
       Scale mail        |    37 |    13 ||    50
Dodge: Dodged            |    83 |    13 ||    96

Table legend: (Time is in decaauts)
 A = Elapsed time spent in this place.
 B = Non-inter-level travel time spent in this place.
 C = Inter-level travel time spent in this place.
 D = Time resting spent in this place.
 E = Time spent auto-exploring this place.
 F = Levels seen in this place.
 G = Mean time per level.
                   A        B        C        D        E       F      G
               +--------+--------+--------+--------+--------+-----+--------+
         Total |   1937 |   1908 |     29 |     68 |   1451 |   3 |  645.7 |
       Dungeon |   1937 |   1908 |     29 |     68 |   1451 |   2 |  968.5 |
         Abyss |      0 |      0 |      0 |      0 |      0 |   1 |    0.0 |
               +--------+--------+--------+--------+--------+-----+--------+

Top non-repeatable levels by time:
     D:2: 1036 daAuts
     D:1: 901 daAuts
